 Dungeon Crawl Stone Soup version 0.29.1-1-gd02db6906a (webtiles) character file.

Game seed: 14049422876796928828

65 MisterFreud the Twirler (level 4, 0/33 HPs)
             Began as a Formicid Gladiator on Oct 1, 2022.
             Succumbed to a killer bee's poison
             ... on level 10 of the Dungeon.
             The game lasted 00:02:54 (1269 turns).

MisterFreud the Twirler (Formicid Gladiator)        Turns: 1269, Time: 00:02:54

Health: 0/33       AC:  5    Str: 20    XL:     4   Next: 35%
Magic:  4/4        EV: 12    Int:  8    God:
Gold:   63         SH:  0    Dex: 15    Spells: 3/3 levels left

rFire   . . .      SeeInvis +   a - +1 quarterstaff
rCold   . . .      Faith    .   (no shield)
rNeg    . . .      Spirit   .   b - +0 leather armour
rPois   .          Reflect  .   (helmet unavailable)
rElec   .          Harm     .   (no cloak)
rCorr   .          Rampage  .   (no gloves)
Will    .....                   e - +1 pair of boots
Stlth   +.........              (no amulet)
HPRegen 0.11/turn               (no ring)
MPRegen 0.09/turn               (no ring)

@: lethally poisoned (0 -> -21)
A: permanent stasis, dig shafts and tunnels, antennae 3, four strong arms
a: Dig, Shaft Self


You were on level 10 of the Dungeon.
You visited 1 branch of the dungeon, and saw 5 of its levels.

You collected 135 gold pieces.
You spent 72 gold pieces at shops.

Inventory:

Hand Weapons
 a - a +1 quarterstaff (weapon)
Missiles
 c - 3 throwing nets (quivered)
 d - a javelin
Armour
 b - a +0 leather armour (worn)
 e - a +1 pair of boots (worn)
Scrolls
 g - a scroll of fear
 i - a scroll of noise
Potions
 f - a potion of flight
 h - a potion of curing {unknown}
 j - 3 potions of attraction


   Skills:
 - Level 2.1 Fighting
 + Level 4.9 Staves
 - Level 2.0 Throwing
 - Level 2.6 Dodging


You had 3 spell levels left.
You didn't know any spells.
Your spell library was empty.

Dungeon Overview and Level Annotations

Branches:
Dungeon (7/15)
 Temple: D:4-7

Altars:
Gozag

Shops:
D:1 ?

Annotations:
D:4 Duvessa


Innate Abilities, Weirdness & Mutations

You cannot be hasted, slowed, berserked, paralysed or teleported.
You can dig through walls and to a lower floor.
You have a pair of large antennae on your head. (SInv)
Your four strong arms can wield two-handed weapons with a shield.


Message History

The killer bee moves out of view.
Okay, then.
Unknown command.
Okay, then.
Unknown command.
Unknown command.
Unknown command.
Unknown command.
Unknown command.
Unknown command.
Unknown command.
As you read the scroll of fear, it crumbles to dust.
You assume a fearsome visage.
The killer bee looks frightened! x4
The killer bee attacks as you move away!
The killer bee stings you but does no damage.
The killer bee buzzes angrily.
The killer bee stings you.
You are poisoned.
The killer bee poisons you!
The killer bee stings you but does no damage.
Unknown command.
Are you sure you want to shaft yourself?
You feel sick.
The killer bee stings you but does no damage.
The killer bee closely misses you. x2; The killer bee stings you.
You are lethally poisoned!
The killer bee poisons you!
You begin to dig a shaft.
You continue digging a shaft.
You feel very sick.
The killer bee stings you but does no damage. x2
The killer bee stings you.
* * * LOW HITPOINT WARNING * * *
The killer bee stings you.
* * * LOW HITPOINT WARNING * * *
You are more poisoned.
The killer bee poisons you! A shaft appears beneath you!
You fall into a shaft and drop 3 floors!
The shaft crumbles and collapses.
You die...

########
#....@.#
#......#
#......#
#......#
#......#
#......#
#......#
##.....#


There were no monsters in sight!

Vanquished Creatures
  A jelly (D:7)
  An ufetubus (D:4)
  2 endoplasms (D:1)
  2 giant cockroaches
  2 hobgoblins (D:1)
  10 jackals
  A quokka (D:1)
  A ball python (D:1)
  A bat (D:1)
  A frilled lizard (D:1)
  3 kobolds
  2 rats (D:1)
27 creatures vanquished.

Vanquished Creatures (others)
  2 demonic plants (D:4)
  A fungus (D:1)
3 creatures vanquished.

Grand Total: 30 creatures vanquished

Notes
Turn   | Place    | Note
-------+----------+-------------------------------------------
     0 | D:1      | MisterFreud the Formicid Gladiator began the quest for the
                  | Orb.
     0 | D:1      | Reached XP level 1. HP: 16/16 MP: 1/1
   161 | D:1      | Reached XP level 2. HP: 22/22 MP: 2/2
   384 | D:1      | Found a faded altar of an unknown god.
   508 | D:1      | Found Fukinetu's Magic Scroll Boutique.
   538 | D:1      | Bought a scroll of fear for 48 gold pieces
   538 | D:1      | Bought a scroll of identify for 24 gold pieces
   660 | D:2      | Reached skill level 4 in Staves
   660 | D:2      | Reached XP level 3. HP: 24/27 MP: 3/3
   725 | D:2      | You fall into a shaft and drop 2 floors!
   725 | D:4      | Found an opulent altar of Gozag.
  1027 | D:4      | Noticed Duvessa
  1039 | D:4      | You fall into a shaft and drop 3 floors!
  1258 | D:7      | Noticed a killer bee
  1258 | D:7      | Noticed a killer bee
  1259 | D:7      | Noticed a killer bee
  1259 | D:7      | Noticed a killer bee
  1261 | D:7      | Reached XP level 4. HP: 32/33 MP: 4/4
  1269 | D:7      | You fall into a shaft and drop 3 floors!
  1269 | D:10     | Entered Level 10 of the Dungeon
  1269 | D:10     | Succumbed to a killer bee's poison

Illustrated notes

Levels and vault maps discovered:
D:1:      ncdulo_wetmaze, layout_basic, serial_shops, nicolae_shop_statue_plus,
          shapermc_ecumenical_altar_acropolis, st_stairs_7, minmay_fountain_box
D:2:      layout_rooms, serial_shops, nicolae_square_shop
D:4:      layout_gridville, grunt_gozag_statues, lemuel_doored_altar,
          serial_demonic, serial_demonic_b, serial_demonic_d, serial_demonic_a,
          serial_demonic_g, serial_demonic_c, serial_demonic_d, uniq_duvessa,
          uniq_grinder, uniq_natasha
D:7:      gammafunk_beogh_shrine, layout_basic,
          mainiacjoe_overflow_surrounded_room, mainiacjoe_overflow_alcove_2,
          nicolae_qazlal_style_of_elements, minmay_temple_entry_ruins,
          nicolae_shop_i_like_big_books, uniq_menkaure, uniq_joseph
D:10:     layout_gridville, mainiacjoe_overflow_boulevard, minmay_statue_bubble,
          uniq_urug

Skill      XL: |  1  2 |
---------------+-------+-----
Staves         | 4 |  4.9
Fighting       | |  2.1
Throwing       | |  2.0
Dodging        | |  2.6

Action                   |  1- 3 |  4- 6 || total
-------------------------+-------+-------++-------
Melee: Quarterstaff      |    66 |       ||    66
 Abil: Shaft Self        |     2 |     1 ||     3
  Use: Scroll            |     6 |     1 ||     7
 Stab: Sleeping          |     1 |       ||     1
Armor: Leather armour    |    20 |     6 ||    26
Dodge: Dodged            |    59 |     3 ||    62
